 Dungeon Crawl Stone Soup version 0.29.0 (webtiles) character file.

Game seed: 994255174228930089

405 mattm the Fighter (level 6, -9/61 HPs)
             Began as a Hill Orc Cinder Acolyte on Sept 11, 2022.
             Was a Priest of Ignis.
             Mangled by Duvessa
             ... wielding a +0 short sword
              (11 damage)
             ... on level 5 of the Dungeon.
             The game lasted 00:05:05 (3784 turns).

mattm the Fighter (Hill Orc Cinder Acolyte)         Turns: 3784, Time: 00:05:06

Health: -9/61      AC: 16    Str: 19    XL:     6   Next: 87%
Magic:  7/7        EV:  7    Int: 14    God:    Ignis [***...]
Gold:   241        SH:  0    Dex:  6    Spells: 7/7 levels left

rFire   + . .      SeeInvis .   a - -1 hand axe (freeze)
rCold   . . .      Faith    .   (no shield)
rNeg    . . .      Spirit   .   p - +0 chain mail
rPois   .          Reflect  .   (no helmet)
rElec   .          Harm     .   (no cloak)
rCorr   .          Rampage  .   (no gloves)
Will    .....                   (no boots)
Stlth   ..........              (no amulet)
HPRegen 0.20/turn               (no ring)
MPRegen 0.10/turn               (no ring)

@: fiery-armoured
A: no striking features
a: Renounce Religion, Fiery Armour, Foxfire Swarm, Rising Flame


You were on level 5 of the Dungeon.
You worshipped Ignis.
Ignis was most pleased with you.
You visited 1 branch of the dungeon, and saw 5 of its levels.

You collected 241 gold pieces.

Inventory:

Hand Weapons
 a - a -1 hand axe of freezing (weapon)
Missiles
 x - 2 boomerangs (quivered)
Armour
 b - a +0 robe
 i - a +0 ring mail
 p - a +0 chain mail (worn)
Wands
 o - a wand of roots (3)
 q - a wand of flame (16)
 s - a wand of quicksilver (9)
Scrolls
 c - 4 scrolls of identify {unknown}
 f - 2 scrolls of brand weapon
 h - 2 scrolls of enchant armour {unknown}
 k - a scroll of magic mapping {unknown}
 l - a scroll of vulnerability {unknown}
 n - a scroll of summoning {unknown}
 v - a scroll of noise {unknown}
 y - a scroll of teleportation {unknown}
 z - 2 scrolls of poison {unknown}
 A - a scroll of blinking {unknown}
 B - a scroll of torment {unknown}
Potions
 d - a potion of might {unknown}
 e - 2 potions of degeneration {unknown}
 g - 4 potions of curing {unknown}
 j - 2 potions of heal wounds {unknown}
 m - a potion of haste {unknown}
 r - 2 potions of attraction {unknown}
 t - a potion of resistance {unknown}
 u - 2 potions of lignification {unknown}
 w - a potion of invisibility {unknown}


   Skills:
 - Level 8.0 Fighting
 - Level 4.0 Axes
 + Level 3.5 Armour
 - Level 1.0 Spellcasting
 - Level 3.2 Fire Magic


You had 7 spell levels left.
You didn't know any spells.
Your spell library contained the following spells:

 Spells                   Type           Power      Damage    Failure   Level
 Scorch                   Fire           18%        2d6       75%         2
 Necrotise                Necr           0%         1d4       96%         1
 Sublimation of Blood     Necr           0%         N/A       99%         2
 Summon Guardian Golem    Hex/Summ       0%         N/A       100%        3
 Teleport Other           Tloc           0%         N/A       100%        3
 Orb of Destruction       Conj           0%         9d5       100%        7
 Spellforged Servitor     Conj/Summ      0%         N/A       100%        7
 Infestation              Necr           0%         N/A       100%        8


Dungeon Overview and Level Annotations

Branches:
Dungeon (5/15)             Temple (0/1) D:4

Altars:

Annotations:
D:5 Duvessa


Message History

Duvessa hits you with a +0 short sword!
Duvessa is burned by your cloak of flames.
Duvessa is heavily wounded.
You barely miss Duvessa.
Duvessa is heavily wounded.
Duvessa hits you with a +0 short sword!
You are too injured to fight recklessly!
You are too injured to fight recklessly!
You are too injured to fight recklessly!
You hit Duvessa. You freeze Duvessa. Your punch misses Duvessa.
Duvessa is severely wounded.
Duvessa hits you with a +0 short sword. Duvessa hits you but does no damage.
You closely miss Duvessa.
Duvessa is severely wounded.
Duvessa hits you with a +0 short sword!
* * * LOW HITPOINT WARNING * * *
Duvessa is burned by your cloak of flames.
Duvessa is severely wounded.
Duvessa hits you with a +0 short sword.
* * * LOW HITPOINT WARNING * * *
Duvessa is burned by your cloak of flames.
Duvessa is almost dead.
You closely miss Duvessa.
Duvessa is almost dead.
Duvessa hits you but does no damage.
Duvessa is burned by your cloak of flames.
Duvessa is almost dead.
You hit Duvessa. You freeze Duvessa.
Duvessa is almost dead.
Duvessa hits you with a +0 short sword!
* * * LOW HITPOINT WARNING * * *
Duvessa is burned by your cloak of flames.
Duvessa is almost dead.
Duvessa hits you with a +0 short sword.
* * * LOW HITPOINT WARNING * * *
Okay, then.
You hit Duvessa but do no damage.
Duvessa is almost dead.
Duvessa hits you with a +0 short sword!
You die...

#.# #.#
#.# #.#
#.# # #.#
#.##.#
#...<###
####@..#
#..e)#.#
#........
#.####.###
$.. .# ...
. .## ##


You could see Duvessa (berserk).

Vanquished Creatures
  Sigmund (D:2)
  A bullfrog (D:3)
  Dowan (D:5)
  Ijyb (D:3)
  An iguana (D:4)
  3 adders
  2 worms (D:3)
  2 dart slugs (D:4)
  An orc (D:4)
  6 ball pythons
  6 endoplasms
  3 giant cockroaches
  6 goblins
  5 hobgoblins
  3 quokkas
  A bat (D:2)
  5 frilled lizards
  4 kobolds
  A rat (D:1)
53 creatures vanquished.

Vanquished Creatures (collateral kills)
  A foxfire (D:5)
1 creature vanquished.

Vanquished Creatures (others)
  31 foxfires
31 creatures vanquished.

Grand Total: 85 creatures vanquished

Notes
Turn   | Place    | Note
-------+----------+-------------------------------------------
     0 | D:1      | mattm the Hill Orc Cinder Acolyte began the quest for the
                  | Orb.
     0 | D:1      | Reached XP level 1. HP: 19/19 MP: 2/2
   195 | D:1      | Reached skill level 4 in Fighting
   454 | D:1      | Reached XP level 2. HP: 24/27 MP: 3/3
  1347 | D:1      | Reached skill level 5 in Fighting
  1347 | D:1      | Reached XP level 3. HP: 36/36 MP: 4/4
  1777 | D:2      | Got Maug's Papyrus of Discontinuous Darkness
  1861 | D:2      | Noticed Sigmund
  1866 | D:2      | Killed Sigmund
  1867 | D:2      | Reached skill level 7 in Fighting
  1867 | D:2      | Reached XP level 4. HP: 13/47 MP: 5/5
  1867 | D:2      | Reached XP level 5. HP: 14/52 MP: 6/6
  2467 | D:3      | Reached skill level 8 in Fighting
  2467 | D:3      | Reached skill level 1 in Armour
  2467 | D:3      | Reached XP level 6. HP: 54/61 MP: 7/7
  2661 | D:3      | Noticed Ijyb
  2674 | D:3      | Killed Ijyb
  3333 | D:4      | Found a staircase to the Ecumenical Temple.
  3768 | D:5      | Entered Level 5 of the Dungeon
  3769 | D:5      | Noticed Duvessa
  3769 | D:5      | Noticed Dowan
  3775 | D:5      | Killed Dowan
  3783 | D:5      | HP: 2/61 [Duvessa/+0 short sword (2)]
  3784 | D:5      | Mangled by Duvessa

Illustrated notes

Levels and vault maps discovered:
D:1:      shiori_arrival_oz, layout_basic, minmay_misc_feat_encased,
          amcnicky_mini_corridor_feature
D:2:      layout_loops_ring, uniq_sigmund
D:3:      layout_basic, kennysheep_pointless_box, uniq_ijyb
D:4:      layout_gridville, minmay_temple_entry_arrows
D:5:      layout_loops_ring, mainiacjoe_overflow_boulevard,
          ebering_ghost_sewer_d, chequers_serial_rivers_small_3, uniq_duvessa,
          uniq_edmund

Skill      XL: |  1  2  3  4  5  6 |
---------------+-------------------+-----
Fighting       | 4 5 7 8 |  8.0
Armour         | 1 3 |  3.5
Axes           | |  4.0
Spellcasting   | |  1.0
Fire Magic     | |  3.2

Action                   |  1- 3 |  4- 6 || total
-------------------------+-------+-------++-------
Melee: Hand axe          |   100 |   130 ||   230
       Punch             |       |     1 ||     1
Invok: Foxfire Swarm     |     2 |     1 ||     3
       Fiery Armour      |       |     2 ||     2
  Use: Scroll            |       |     1 ||     1
Armor: Robe              |     5 |       ||     5
       Ring mail         |    19 |       ||    19
       Chain mail        |    10 |    61 ||    71
Dodge: Dodged            |    45 |    45 ||    90
